 Dungeon Crawl Stone Soup version 0.28.0-45-g0d030f2227 (webtiles) character file.

Game seed: 3547850988088038570

252 GigaChad the Slasher (level 5, -6/32 HPs)
             Began as a Minotaur Chaos Knight on Apr 22, 2022.
             Was a Follower of Hepliaklqana.
             Mangled by an orc
             ... wielding a +0 flail
              (8 damage)
             ... on level 4 of the Dungeon.
             The game lasted 00:10:37 (3597 turns).

GigaChad the Slasher (Minotaur Chaos Knight)        Turns: 3597, Time: 00:10:38

Health: -6/32      AC:  3    Str: 16    XL:     5   Next: 89%
Magic:  4/4        EV: 11    Int:  9    God:    Hepliaklqana [*.....]
Gold:   101        SH:  0    Dex: 18    Spells: 4/4 levels left

rFire   . . .      SeeInvis .   a - +1 falchion (chaos)
rCold   . . .      Faith    .   (no shield)
rNeg    . . .      Spirit   .   d - +0 ring mail
rPois   .          Reflect  .   (helmet restricted)
rElec   .          Harm     .   (no cloak)
rCorr   .          Rampage  .   (no gloves)
Will    +....      Clarity  +   (no boots)
Stlth   +.........              (no amulet)
HPRegen 0.10/turn               j - +6 ring of dexterity
MPRegen 0.09/turn               m - ring of willpower

@: no status effects
A: reduced essence, horns 2, retaliatory headbutt, clarity, deformed body, frail
2
a: Renounce Religion, Recall Ancestor, Ancestor Identity


You were on level 4 of the Dungeon.
You worshipped Hepliaklqana.
Hepliaklqana was aware of your devotion.
You visited 1 branch of the dungeon, and saw 4 of its levels.

You collected 198 gold pieces.
You spent 97 gold pieces at shops.

Inventory:

Hand Weapons
 a - a +1 falchion of chaos (weapon)
Armour
 b - a +2 leather armour
 d - a +0 ring mail (worn)
Magical Staves
 k - a staff of death
Jewellery
 j - a +6 ring of dexterity (left hand)
 m - a ring of willpower (right hand)
Scrolls
 f - 5 scrolls of identify
 l - a scroll of immolation {unknown}
Potions
 c - a potion of heal wounds
 e - a potion of might {unknown}
 g - 2 potions of curing {unknown}
 h - a potion of invisibility {unknown}
 i - a potion of degeneration {unknown}


   Skills:
 + Level 4.9 Fighting
 + Level 5.7 Long Blades
 + Level 4.2 Armour
 + Level 2.3 Dodging
 + Level 0.5 Stealth


You had 4 spell levels left.
You didn't know any spells.
Your spell library contained the following spells:

 Spells                   Type           Power      Damage    Failure   Level
 Corpse Rot               Necr/Air       0%         N/A       73%         2
 Poisonous Vapours        Pois/Air       0%         N/A       73%         2
 Conjure Flame            Conj/Fire      0%         6-21      91%         3
 Ignite Poison            Fire/Tmut/Pois 0%         N/A       91%         3
 Sticky Flame             Conj/Fire      0%         2d3       100%        4


Dungeon Overview and Level Annotations

Branches:
Dungeon (4/15)
 Temple: D:4-7

Altars:
Hepliaklqana
Xom

Shops:
D:2 ?

Annotations:
D:3 1 transporter, issech's ghost, amateur TrMo
D:4 Pikel


Innate Abilities, Weirdness & Mutations

Your life essence is reduced to manifest your ancestor. (-10% HP)
You have a pair of horns on your head.
You reflexively headbutt those who attack you in melee.
You possess an exceptional clarity of mind.
Armour fits poorly on your strangely shaped body.
You are very frail. (-20% HP)


Message History

The lemure hits you!
You closely miss the lemure. The lemure hits you but does no damage.
You hit the lemure. You burn the lemure.
The lemure is moderately wounded.
The lemure hits you. The orc closely misses you.
You closely miss the lemure.
The lemure is moderately wounded.
The lemure closely misses you. You furiously retaliate!
You headbutt the lemure. The orc hits you with a +0 flail!
You closely miss the lemure. Your headbutt misses the lemure.
The lemure is moderately wounded.
The lemure hits you but does no damage. The orc hits you with a +0 flail.
* * * LOW HITPOINT WARNING * * *
You closely miss the lemure.
The lemure is moderately wounded.
The lemure hits you.
* * * LOW HITPOINT WARNING * * *
The orc hits you with a +0 flail.
* * * LOW HITPOINT WARNING * * *
You closely miss the lemure. You headbutt the lemure.
The lemure is heavily wounded.
The lemure closely misses you. The orc hits you but does no damage.
You hit the lemure. You headbutt the lemure.
The lemure is severely wounded.
The lemure hits you but does no damage. The orc closely misses you.
You closely miss the lemure.
The lemure is severely wounded.
The lemure barely misses you. The orc misses you. You furiously retaliate!
You headbutt the orc. You closely miss the lemure.
The lemure is severely wounded.
The lemure hits you but does no damage. The orc completely misses you.
You hit the lemure.
The lemure is poisoned.
Your headbutt misses the lemure.
The lemure is almost dead.
The lemure closely misses you. The orc hits you with a +0 flail.
* * * LOW HITPOINT WARNING * * *
You hit the lemure. You burn the lemure. You headbutt the lemure.
You kill the lemure!
That felt strangely unrewarding.
The orc hits you with a +0 flail!
You die...

.[....................#
#Z5#?.#..#..#..#..#...#
..5..Z..5......5......#
#..#..#..#..#..#..#...#
..5.............K.o..K#
#####################.#
#.#.# #..#
###....####5##
'......@K5.5#
##......o#### #.......#
#.......# ... #.......#
.. ... ..##.......# .#
#.# #.##.......# .# #.#
#.#####(#### .###.###.#
#.#


You could see Pikel, 3 lemures and an orc.

Vanquished Creatures
  A lemure (D:4)
  A centaur zombie (D:4)
  An iguana (D:4)
  2 scorpion zombies (D:4)
  6 adders
  An adder zombie (D:4)
  2 worms
  4 dart slugs
  An orc (D:3)
  4 ball pythons
  5 bats
  7 endoplasms
  2 giant cockroaches (D:1)
  7 goblins
  8 hobgoblins
  2 jackals (D:3)
  3 quokkas
  2 frilled lizards
  2 kobolds
  6 rats
  A spectral kobold (D:3)
68 creatures vanquished.

Vanquished Creatures (collateral kills)
  An adder zombie (D:4)
  A ball python (D:4)
2 creatures vanquished.

Vanquished Creatures (others)
  An ancestor (D:4)
  4 withered plants (D:4)
5 creatures vanquished.

Grand Total: 75 creatures vanquished

Notes
Turn   | Place    | Note
-------+----------+-------------------------------------------
     0 | D:1      | GigaChad the Minotaur Chaos Knight began the quest for the
                  | Orb.
     0 | D:1      | Reached XP level 1. HP: 19/19 MP: 0/0
    96 | D:1      | Reached skill level 4 in Long Blades
   108 | D:1      | Reached XP level 2. HP: 27/27 MP: 1/1
   186 | D:1      | XOM is BORED!
   186 | D:1      | XOM: silly message
   219 | D:1      | XOM: enchant monster (good)
   323 | D:1      | XOM: divination: detect items
   795 | D:2      | Reached XP level 3. HP: 28/34 MP: 2/2
  1004 | D:2      | XOM: scenery: 1 doors close
  1168 | D:2      | XOM: scenery: create altars
  1361 | D:2      | XOM: god gift: book of Vapours
  1429 | D:2      | XOM: god gift: 54 gold pieces
  1447 | D:2      | Reached XP level 4. HP: 27/41 MP: 3/3
  1457 | D:2      | XOM: silly message
  1731 | D:2      | Found Egue's Magic Scroll Shoppe.
  1741 | D:2      | Bought a scroll of enchant weapon for 97 gold pieces
  1813 | D:3      | Noticed an ogre
  1813 | D:3      | Noticed issech's ghost (amateur TrMo)
  1813 | D:3      | Found a transporter.
  2107 | D:3      | XOM: polymorph adder -> worm
  2116 | D:3      | Reached skill level 5 in Long Blades
  2301 | D:3      | Found a faded altar of an unknown god.
  2308 | D:3      | Prayed at the altar of an unknown god.
  2308 | D:3      | Fell from the grace of Xom
  2308 | D:3      | Became a worshipper of Hepliaklqana the Forgotten
  2308 | D:3      | Reached * piety under Hepliaklqana
  2807 | D:4      | Reached XP level 5. HP: 33/42 MP: 4/4
  3336 | D:4      | XOM: give mutations
  3336 | D:4      | Gained mutation: Armour fits poorly on your strangely
                  | shaped body. [Xom's mischief]
  3336 | D:4      | Gained mutation: You are frail. (-10% HP) [Xom's mischief]
  3336 | D:4      | Gained mutation: You possess an exceptional clarity of
                  | mind. [Xom's mischief]
  3501 | D:4      | XOM: give mutations
  3501 | D:4      | Gained mutation: You are weak. (Str -2) [Xom's mischief]
  3501 | D:4      | Gained mutation: You are very frail. (-20% HP) [Xom's
                  | mischief]
  3501 | D:4      | Lost mutation: You are weak. (Str -2) [Xom's mischief]
  3553 | D:4      | Noticed a lemure
  3554 | D:4      | Noticed Pikel
  3555 | D:4      | Noticed a lemure
  3555 | D:4      | Noticed a lemure
  3555 | D:4      | Noticed a lemure
  3596 | D:4      | HP: 1/32 [orc/+0 flail (1)]
  3597 | D:4      | Killed a lemure
  3597 | D:4      | Mangled by an orc

Illustrated notes

Levels and vault maps discovered:
D:1:      psy_arrival_radial02, layout_loops_ring, minmay_unequal
D:2:      layout_basic, serial_shops, shop
D:3:      layout_loops_cross, gammafunk_ghost_smash,
          dreamdust_ecumenical_altar_drowned_temple
D:4:      layout_loops_corners, minmay_temple_entry_trees, serial_undead,
          serial_undead_c, serial_undead_b, serial_undead_f, serial_undead_b,
          columned_hall_lemuel, chequers_serial_rivers_micro_e, st_stairs_5,
          minmay_box_of_dots, uniq_pikel

Skill      XL: |  1  2  3  4  5 |
---------------+----------------+-----
Long Blades    | 4 5 |  5.7
Fighting       | 4 |  4.9
Armour         | 3 4 |  4.2
Dodging        | 2 |  2.3
Stealth        | |  0.5

Action                   |  1- 3 |  4- 6 || total
-------------------------+-------+-------++-------
Melee: Falchion          |    71 |    78 ||   149
       Headbutt          |    10 |    14 ||    24
       Punch             |       |     1 ||     1
  Use: Scroll            |     1 |     3 ||     4
 Stab: Distracted        |       |     1 ||     1
Armor: Leather armour    |     4 |       ||     4
       Ring mail         |    33 |    35 ||    68
Dodge: Dodged            |    52 |    48 ||   100
